 Dungeon Crawl Stone Soup version 0.31-a0-177-g4aa6249778 (webtiles) character file.

Game seed: 1457493599046047680

2524 mopl the Chopper (level 9, -9/70 HPs)
             Began as a Demonspawn Fighter on June 18, 2023.
             Mangled by a redback (12 damage)
             ... on level 6 of the Dungeon.
             The game lasted 00:06:39 (5574 turns).

mopl the Chopper (Demonspawn Fighter)               Turns: 5574, Time: 00:06:40

Health: -9/70      AC: 21    Str: 21    XL:     9   Next: 29%
Magic:  9/9        EV:  7    Int: 10    God:
Gold:   361        SH:  4    Dex:  9    Spells: 8/8 levels left

rFire   . . .        a - +0 war axe
rCold   . . .        c - +0 buckler
rNeg    + . .        D - +0 plate armour
rPois   +            t - +2 helmet
rElec   .            (no cloak)
rCorr   .            A - +0 pair of gloves "Fyibej" {rPois Regen+ Dex-3 Stlth+}
SInv    .            l - +0 pair of boots
Will    +....        (no amulet) Stlth
                     k - ring of willpower
HPRegen 1.11/turn    B - ring of positive energy
MPRegen 0.11/turn

%: no passive effects
@: lethally poisoned (-9 -> -10)
A: molten scales 2, demonic guardian 1, weakness stinger 2
a: no special abilities


You were on level 6 of the Dungeon.
You visited 2 branches of the dungeon, and saw 8 of its levels.

You collected 361 gold pieces.

Inventory:

Hand Weapons
 a - a +0 war axe (weapon)
Missiles
 m - 6 poisoned darts
 y - a boomerang
Armour
 c - a +0 buckler (worn)
 l - a +0 pair of boots (worn)
 t - a +2 helmet (worn)
 A - the +0 pair of gloves "Fyibej" (worn) {rPois Regen+ Dex-3 Stlth+}
   (You found it on level 6 of the Dungeon)

   Dex:       It affects your dexterity (-3).
   rPois:     It protects you from poison.
   Regen:     It increases your rate of health regeneration.
   Stlth:     It makes you more stealthy.
 D - a +0 plate armour (worn)
Jewellery
 k - a ring of willpower (left hand)
 B - a ring of positive energy (right hand)
Wands
 x - a wand of flame (7)
Scrolls
 b - 4 scrolls of identify {unknown}
 f - a scroll of blinking {unknown}
 h - 2 scrolls of teleportation {unknown}
 j - a scroll of poison {unknown}
 n - a scroll of brand weapon {unknown}
 o - a scroll of amnesia {unknown}
 p - a scroll of enchant armour {unknown}
 q - a scroll of vulnerability {unknown}
 s - a scroll of fear {unknown}
 u - 2 scrolls of enchant weapon {unknown}
 C - a scroll of fog {unknown}
Potions
 d - 3 potions of might
 e - 2 potions of berserk rage {unknown}
 g - a potion of attraction {unknown}
 i - 2 potions of mutation {unknown}
 r - a potion of degeneration {unknown}
 w - 2 potions of ambrosia {unknown}
 z - 2 potions of lignification {unknown}


   Skills:
 + Level 6.3 Fighting
 * Level 7.5 Axes
 + Level 5.8 Armour
 + Level 5.0 Dodging
 - Level 2.6 Shields


You had 8 spell levels left.
You didn't know any spells.
Your spell library contained the following spells:

 Spells                   Type           Power      Damage    Failure   Level
 Necrotise                Necr           0%         1d4       100%        1
 Summon Small Mammal      Summ           0%         N/A       100%        1
 Call Canine Familiar     Summ           0%         N/A       100%        3
 Hailstorm                Conj/Ice       0%         3d3       100%        3
 Summon Guardian Golem    Hex/Summ       0%         N/A       100%        3
 Vampiric Draining        Necr           0%         2d6       100%        3
 Ice Form                 Ice/Tmut       0%         N/A       100%        4
 Agony                    Necr           0%         N/A       100%        5
 Simulacrum               Ice/Necr       0%         N/A       100%        6


Dungeon Overview and Level Annotations

Branches:
Dungeon (7/15)             Temple (1/1) D:6

Altars:
Ashenzari
Cheibriados
Dithmenos
Fedhas
Gozag
Kikubaaqudgha
Nemelex Xobeh
Qazlal
Ru
Sif Muna
Trog
Uskayaw
Vehumet
Wu Jian
Xom
Yredelemnul

Annotations:
D:3 3 runed translucent doors, alfthe's ghost, amateur GnWn
D:6 2 runed translucent doors


Innate Abilities, Weirdness & Mutations

You are mostly covered in molten scales. (AC +3)
A weak demonic guardian rushes to your aid.
You have a tail ending in a sharp stinger.


Message History

You are too injured to fight recklessly!
You are too injured to fight recklessly!
You are too injured to fight recklessly!
You are too injured to fight recklessly!
You are too injured to fight recklessly!
You are too injured to fight recklessly!
You are too injured to fight recklessly!
You are too injured to fight recklessly!
Unknown command.
You swap places.
* * * LOW HITPOINT WARNING * * *
You feel extremely sick.
The redback barely misses your white imp.
Your white imp hits the redback.
Your white imp freezes the redback.
Unknown command.
* * * LOW HITPOINT WARNING * * *
You feel extremely sick. The redback bites your white imp.
Your white imp looks as sick as possible!
The redback poisons your white imp!
Your white imp gestures at the redback.
The puff of frost hits the redback!
The redback bites your white imp.
* * * LOW HITPOINT WARNING * * *
You feel very sick.
Your white imp dies!
Your white imp disappears in a puff of smoke!
Unknown command.
* * * LOW HITPOINT WARNING * * *
You feel very sick.
* * * LOW HITPOINT WARNING * * *
You feel very sick.
Unknown command.
* * * LOW HITPOINT WARNING * * *
You feel very sick.
You slash the redback!
The redback is severely wounded.
You feel sick.
The redback bites you but does no damage.
The redback bites you!
You die...

##........#s.s.s''....#..<.......
.#........##...#s#ss.##..........
.#.........###s#.#s###...........
.#...........###S###.........###.
.#..............S..........[.##..
##......#............#...........
.......#####....S....#........##.
........###.....sS............#..
................@......#.........
.....##...#............#.........
.........##..###....##...........
........##...####....##..........
........#....##....#..#.<........
..##............##......##.......
...#..#..........##.<...#.......#
.......#......##..#.##..##......#
..............##......###.......#


You could see 4 water moccasins, 2 redbacks and 4 scorpions.

Vanquished Creatures
  2 redbacks (D:6)
  2 steam dragons
  Menkaure (D:6)
  Duvessa (D:7)
  An orc warrior (D:7)
  4 black bears
  3 water moccasins (D:6)
  2 sky beasts
  A centaur (D:7)
  A phantom (D:6)
  2 scorpions (D:4)
  Dowan (D:7)
  3 howler monkeys (D:7)
  A hound (D:6)
  2 orc priests
  An iguana (D:5)
  A sleepcap (D:6)
  Jessica (D:3)
  Ijyb (D:5)
  3 orc wizards
  Natasha (thrice) (D:3)
  Robin (D:3)
  2 adders
  2 shadow imps
  3 worms
  3 dart slugs (D:1)
  12 orcs
  3 ball pythons
  6 endoplasms
  8 giant cockroaches
  12 goblins
  4 hobgoblins
  6 jackals (D:3)
  2 kobolds
  6 quokkas
  2 bats
  2 frilled lizards (D:2)
  2 rats
113 creatures vanquished.

Notes
Turn   | Place    | Note
-------+----------+-------------------------------------------
     0 | D:1      | mopl the Demonspawn Fighter began the quest for the Orb.
     0 | D:1      | Reached XP level 1. HP: 18/18 MP: 1/1
    38 | D:1      | Reached skill level 2 in Axes
   182 | D:1      | Gained mutation: You are partially covered in molten
                  | scales. (AC +2) [demonic ancestry]
   182 | D:1      | Reached XP level 2. HP: 24/24 MP: 2/2
   473 | D:1      | Reached XP level 3. HP: 29/29 MP: 3/3
   689 | D:2      | Reached skill level 1 in Dodging
  1173 | D:2      | Reached skill level 3 in Armour
  1405 | D:3      | Noticed Natasha
  1414 | D:3      | Killed Natasha
  1415 | D:3      | Gained mutation: You have a small tail. [demonic ancestry]
  1415 | D:3      | Reached XP level 4. HP: 35/35 MP: 4/4
  1456 | D:3      | Found a runed translucent gate.
  1458 | D:3      | Noticed Jessica
  1459 | D:3      | Noticed alfthe's ghost (amateur GnWn)
  1464 | D:3      | Reached skill level 3 in Axes
  1469 | D:3      | Killed Jessica
  1470 | D:3      | Found a runed translucent gate.
  1471 | D:3      | Found a runed translucent gate.
  1479 | D:3      | Noticed a sky beast
  1509 | D:2      | Killed a sky beast
  1510 | D:2      | Reached skill level 2 in Dodging
  1510 | D:2      | Reached XP level 5. HP: 29/42 MP: 5/5
  1771 | D:3      | Noticed Robin
  1799 | D:3      | Killed Robin
  1886 | D:3      | Noticed Natasha
  1898 | D:3      | Killed Natasha
  1899 | D:3      | Reached skill level 4 in Fighting
  2010 | D:3      | Found an ancient bone altar of Kikubaaqudgha.
  2202 | D:3      | Found an ancient bone altar of Kikubaaqudgha.
  2282 | D:3      | Found a runed translucent gate.
  2282 | D:3      | Found a runed translucent gate.
  2282 | D:3      | Noticed Natasha
  2283 | D:3      | Found a runed translucent gate.
  2293 | D:3      | Killed Natasha
  2294 | D:3      | Reached XP level 6. HP: 44/48 MP: 6/6
  2644 | D:4      | Reached skill level 4 in Axes
  2648 | D:4      | Found a shimmering blue altar of Sif Muna.
  3228 | D:4      | Reached skill level 4 in Armour
  3447 | D:5      | Entered Level 5 of the Dungeon
  3464 | D:5      | Gained mutation: You have a tail ending in a sharp stinger.
                  | [demonic ancestry]
  3464 | D:5      | Reached XP level 7. HP: 24/55 MP: 7/7
  3870 | D:5      | Noticed Ijyb
  3880 | D:5      | Killed Ijyb
  4192 | D:6      | Noticed a redback
  4192 | D:6      | Found a runed translucent door.
  4200 | D:6      | Reached skill level 3 in Dodging
  4222 | D:6      | Reached skill level 5 in Axes
  4331 | D:6      | Reached skill level 5 in Fighting
  4371 | D:6      | Gained mutation: You are mostly covered in molten scales.
                  | (AC +3) [demonic ancestry]
  4371 | D:6      | Reached XP level 8. HP: 10/62 MP: 8/8
  4612 | D:6      | Found a staircase to the Ecumenical Temple.
  4618 | Temple   | Entered the Ecumenical Temple
  4950 | D:6      | Found a runed translucent gate.
  4951 | D:6      | Found the +9 staff of Olgreb {rPois∞}
  4983 | D:6      | Found a runed translucent gate.
  4983 | D:6      | Found a runed translucent gate.
  4984 | D:6      | Found a runed translucent door.
  5013 | D:6      | Identified the +0 pair of gloves "Fyibej" {rPois Regen+
                  | Dex-3 Stlth+}
  5032 | D:6      | Reached skill level 6 in Axes
  5032 | D:6      | Reached skill level 5 in Armour
  5241 | D:7      | Reached skill level 4 in Dodging
  5279 | D:7      | Noticed Menkaure
  5284 | D:7      | Noticed Duvessa
  5284 | D:7      | Noticed Dowan
  5374 | D:7      | Killed Duvessa
  5379 | D:7      | HP: 2/64 [Dowan/puff of flame (7)]
  5381 | D:6      | Killed Menkaure
  5382 | D:6      | Reached skill level 6 in Fighting
  5382 | D:6      | Reached skill level 7 in Axes
  5382 | D:6      | Gained mutation: A weak demonic guardian rushes to your
                  | aid. [demonic ancestry]
  5382 | D:6      | Reached XP level 9. HP: 5/69 MP: 9/9
  5444 | D:7      | Killed Dowan
  5567 | D:6      | Reached skill level 5 in Dodging
  5574 | D:6      | HP: 3/70 [poisoned by a redback]
  5574 | D:6      | Mangled by a redback

Illustrated notes

Levels and vault maps discovered:
D:1:      lightli_arrival_statue_moat, layout_loops_cross, hangedman_decor_push,
          minmay_misc_feat_square
D:2:      layout_basic, chequers_serial_rivers_micro_c
D:3:      layout_rooms, lemuel_doored_altar, gammafunk_ghost_split, uniq_robin,
          uniq_natasha, uniq_jessica
D:4:      layout_loops_corners, nicolae_sif_muna_condensation
D:5:      layout_loops_cross, uniq_ijyb
D:6:      layout_cave_pools, minmay_temple_entry_hall,
          dreamdust_princess_bridge, minmay_guarded_unrand_staff_of_olgreb
D:7:      layout_rooms, serial_shops, nicolae_shop_overgrown_old_shop,
          columned_hall_lemuel, uniq_duvessa, uniq_maggie, uniq_menkaure
Temple:   eino_temple_scatter_basement

Skill      XL: |  1  2  3  4  5  6  7  8  9 |
---------------+----------------------------+-----
Axes           | 2 3 4 5 7 |  7.5
Dodging        | 1 2 3 4 5 |  5.0
Armour         | 3 4 5 |  5.8
Fighting       | 4 5 6 |  6.3
Shields        | |  2.6

Action                     |  1- 3 |  4- 6 |  7- 9 || total
---------------------------+-------+-------+-------++-------
  Melee: War axe           |   110 |   130 |   211 ||   451
         Tailslap          |       |    13 |    26 ||    39
    Use: Potion            |       |       |     3 ||     3
 Armour: Scale mail        |    60 |    77 |       ||   137
         Chain mail        |       |    40 |   191 ||   231
         Plate armour      |       |       |    25 ||    25
  Dodge: Dodged            |    54 |    80 |   118 ||   252
  Block: Buckler           |    19 |    33 |    71 ||   123

Table legend: (Time is in decaauts)
 A = Elapsed time spent in this place.
 B = Non-inter-level travel time spent in this place.
 C = Inter-level travel time spent in this place.
 D = Time resting spent in this place.
 E = Time spent auto-exploring this place.
 F = Levels seen in this place.
 G = Mean time per level.
                   A        B        C        D        E       F      G
               +--------+--------+--------+--------+--------+-----+--------+
         Total |   5719 |   5393 |    326 |    670 |   3584 |   8 |  714.9 |
       Dungeon |   5503 |   5196 |    307 |    670 |   3403 |   7 |  786.1 |
        Temple |    215 |    196 |     19 |      0 |    181 |   1 |  215.0 |
               +--------+--------+--------+--------+--------+-----+--------+

Top non-repeatable levels by time:
     D:3: 1186 daAuts
     D:6: 1041 daAuts
     D:4: 833 daAuts
     D:2: 818 daAuts
     D:5: 756 daAuts
     D:1: 697 daAuts
  Temple: 215 daAuts
     D:7: 168 daAuts
